 Dungeon Crawl Stone Soup version 0.30-a0-613-gdd512c7efb (webtiles) character file.

Game seed: 13331951813026219887

879 benadryl the Carver (level 8, -3/67 (71) HPs)
             Began as a Meteoran Cinder Acolyte on Jan 8, 2023.
             Was an Initiate of Ignis.
             Slain by Eustachio
             ... wielding a +3 rapier of draining
              (9 damage)
             ... on level 4 of the Dungeon.
             The game lasted 00:07:11 (1653 turns).

benadryl the Carver (Meteoran Cinder Acolyte)       Turns: 1653, Time: 00:07:11

HP:   -3/67 (71)    AC:  2    Str: 16    XL:     8   Next: 50%
MP:   2/11          EV: 11    Int: 18    God:    Ignis [......]
Gold: 126           SH:  0    Dex:  9    Spells: 7/9 levels left

rFire   + . .      SeeInvis .    a - -1 falchion (flame)
rCold   . . .      Faith    .    (no shield)
rNeg    . . .      Spirit   .    b - +0 robe
rPois   .          Reflect  .    (no helmet)
rElec   .          Harm     .    (no cloak)
rCorr   .          Rampage  .    (no gloves)
Will    +....                    (no boots)
Stlth   +                        (no amulet)
HPRegen 0.31/turn                (no ring)
MPRegen 0.12/turn                (no ring)

@: brilliant, glowing, drained
A: sense surroundings 1, otherworldly, glowing, explore regen
a: Renounce Religion, Rising Flame


You were on level 4 of the Dungeon.
You worshipped Ignis.
Ignis was noncommittal.
You visited 1 branch of the dungeon, and saw 4 of its levels.
You also visited: Sewer.

You collected 126 gold pieces.

Inventory:

Hand Weapons
 a - a -1 falchion of flaming (weapon)
Armour
 b - a +0 robe (worn)
 c - a +0 scale mail
Magical Staves
 d - a staff of conjuration
 f - a staff of poison
Wands
 i - a wand of roots (4)
Scrolls
 g - a scroll of brand weapon {unknown}
 h - a scroll of identify {@r1}
 j - 2 scrolls of enchant weapon {unknown}
 k - a scroll of silence {unknown}
 l - a scroll of poison {unknown}
 n - a scroll of fear {unknown}
 o - 2 scrolls of butterflies {unknown}
 p - 2 scrolls of fog {unknown}


   Skills:
 + Level 6.4 Fighting
 * Level 9.4 Long Blades
 - Level 1.3 Spellcasting
 - Level 3.6 Fire Magic


You had 7 spell levels left.
You knew the following spells:

 Your Spells              Type           Power      Damage    Failure   Level
a - Scorch                Fire           42%        2d7       7%          2

Your spell library contained the following spells:

 Spells                   Type           Power      Damage    Failure   Level
 Blink                    Tloc           2%         N/A       28%         2
 Momentum Strike          Conj/Tloc      2%         3d8       28%         2
 Lesser Beckoning         Tloc           2%         N/A       50%         3


Dungeon Overview and Level Annotations

Branches:
Dungeon (4/15) Zot: 1059    Sewer (visited)
 Temple: D:4-7

Altars:

Annotations:
D:4 Eustachio


Innate Abilities, Weirdness & Mutations

You passively map a small area around you.
You are easily found by Zot.
You glow in the dark.
You regain HP and MP as you explore.


Message History

Casting: Scorch (safe; 7% risk of failure)
Confirm with . or Enter, or press ? or * to list all spells.
Flames lash the bat.
You kill the bat!
The bat's corpse disappears in a puff of smoke!
Eustachio is no longer more vulnerable to fire.
Eustachio hits you with a +3 rapier of draining!
You feel drained. The rat bites you. The quokka bites you.
The shadow imp hits you.
* * * LOW HITPOINT WARNING * * *
The crimson imp closely misses you.
Your magical contamination has completely faded away.
Casting: Scorch (safe; 7% risk of failure)
Confirm with . or Enter, or press ? or * to list all spells.
Flames lash the shadow imp.
The shadow imp is heavily wounded.
The shadow imp's fire resistance burns away.
Eustachio zaps a wand.
The puff of flame hits you. You resist.
* * * LOW HITPOINT WARNING * * *
The quokka bites you.
* * * LOW HITPOINT WARNING * * *
The rat barely misses you. The crimson imp hits you.
* * * LOW HITPOINT WARNING * * *
The shadow imp barely misses you. The crimson imp hits you.
* * * LOW HITPOINT WARNING * * *
You closely miss Eustachio.
Eustachio is moderately wounded.
Eustachio mumbles some strange words.
The quokka bites you.
* * * LOW HITPOINT WARNING * * *
The shadow imp hits you but does no damage.
The crimson imp blinks!
The crimson imp hits you.
* * * LOW HITPOINT WARNING * * *
Casting: Scorch (safe; 7% risk of failure)
Confirm with . or Enter, or press ? or * to list all spells.
Okay, then.
You feel clever all of a sudden. The quokka barely misses you.
Eustachio hits you with a +3 rapier of draining!
You die...

####..#...#.............#.
..............5......####*,
...................### * *
...................##
....................##
.................§...# ,
....................##
.........#......§r..# * ,
##.....###.....5@.r## ,
##...## #.....5r@## , ..##
#......r.# ## #.......## *
* ##..?..## #....## * *
#...#* **, * #..# ,


You could see Eustachio, 2 crimson imps, a shadow imp (summoned, combustible), 2
quokkas and 2 rats.

Vanquished Creatures
  Pikel (D:4)
  A phantom (D:4)
  A lemure (D:4)
  A kobold brigand (Sewer)
  A scorpion (D:4)
  A gnoll bouda (D:4)
  A hound (D:4)
  An iguana (D:4)
  3 gnolls (D:4)
  5 adders
  A river rat (Sewer)
  A dart slug (D:2)
  5 orcs (D:3)
  2 endoplasms (Sewer)
  A giant cockroach (D:3)
  A goblin (D:3)
  3 hobgoblins
  7 jackals
  A quokka (D:4)
  8 ball pythons
  3 frilled lizards
  8 kobolds
  2 rats
59 creatures vanquished.

Vanquished Creatures (others)
  83 foxfires
  7 toadstools (D:1)
90 creatures vanquished.

Grand Total: 149 creatures vanquished

Notes
Turn   | Place    | Note
-------+----------+-------------------------------------------
     0 | D:1      | benadryl the Meteoran Cinder Acolyte began the quest for
                  | the Orb.
     0 | D:1      | Reached XP level 1. HP: 19/19 MP: 3/3
    86 | D:1      | Reached XP level 2. HP: 2/26 MP: 5/5
   182 | D:1      | Reached skill level 4 in Long Blades
   447 | D:3      | Reached XP level 3. HP: 5/33 MP: 6/6
   687 | D:3      | Reached XP level 4. HP: 26/40 MP: 7/7
   696 | D:3      | Reached skill level 5 in Long Blades
  1061 | D:4      | Noticed a scorpion
  1066 | D:4      | Killed a scorpion
  1067 | D:4      | Reached skill level 6 in Long Blades
  1067 | D:4      | Reached XP level 5. HP: 47/47 MP: 8/8
  1072 | D:4      | Reached XP level 6. HP: 28/53 MP: 9/9
  1085 | D:4      | Found a glowing drain.
  1088 | D:4      | Noticed Pikel
  1096 | Sewer    | Entered a sewer
  1113 | Sewer    | Reached skill level 7 in Long Blades
  1189 | Sewer    | Reached skill level 5 in Fighting
  1416 | D:4      | Reached XP level 7. HP: 57/61 MP: 10/10
  1499 | D:4      | Killed Pikel
  1500 | D:4      | Reached skill level 9 in Long Blades
  1500 | D:4      | Reached XP level 8. HP: 27/71 MP: 11/11
  1630 | D:4      | Learned a level 2 spell: Scorch
  1637 | D:4      | Noticed Eustachio
  1653 | D:4      | Slain by Eustachio

Illustrated notes

Levels and vault maps discovered:
D:1:      nagdon_arrival_double_spiral, layout_loops_corners,
          hellmonk_ecumenical_altar_blasted, minmay_misc_feat_rugged,
          chequers_serial_rivers_small_a, glass_columns_b
D:2:      layout_basic
D:3:      kennysheep_six_static_rooms, layout_basic, serial_forest,
          infiniplex_forest_straight_5, infiniplex_forest_end_2,
          infiniplex_forest_clump_small, infiniplex_forest_split,
          infiniplex_forest_straight_2, infiniplex_forest_fountain,
          infiniplex_forest_lined_room_2, infiniplex_forest_lined_2,
          infiniplex_forest_straight_1, solitary_fountain, serial_bayou_pond_d,
          uniq_grinder
D:4:      cheibrodos_quashed, layout_cave_pods, mainiacjoe_overflow_catwalk,
          lemuel_crystal_altar, xom_butterflies, cheibrodos_sewer_entry_drain,
          serial_shops, nicolae_shop_hallway_plus, uniq_edmund, uniq_pikel,
          uniq_eustachio

Skill      XL: |  1  2  3  4  5  6  7 |
---------------+----------------------+-----
Long Blades    | 4 6 7 9 |  9.4
Fighting       | 4 5 6 |  6.4
Spellcasting   | |  1.3
Fire Magic     | |  3.6

Action                   |  1- 3 |  4- 6 |  7- 9 || total
-------------------------+-------+-------+-------++-------
Melee: Falchion          |    46 |   105 |    76 ||   227
       Punch             |     1 |     1 |     3 ||     5
 Cast: Scorch            |       |       |     4 ||     4
Invok: Foxfire Swarm     |     3 |     4 |       ||     7
       Fiery Armour      |     1 |     1 |       ||     2
Evoke: Wand              |     1 |     1 |     2 ||     4
  Use: Potion            |       |     2 |     6 ||     8
       Scroll            |       |     2 |       ||     2
Armor: Robe              |    20 |    25 |     4 ||    49
       Skin              |       |       |   142 ||   142
Dodge: Dodged            |    30 |    53 |    26 ||   109

Table legend: (Time is in decaauts)
 A = Elapsed time spent in this place.
 B = Non-inter-level travel time spent in this place.
 C = Inter-level travel time spent in this place.
 D = Time resting spent in this place.
 E = Time spent auto-exploring this place.
 F = Levels seen in this place.
 G = Mean time per level.
                   A        B        C        D        E       F      G
               +--------+--------+--------+--------+--------+-----+--------+
         Total |   1700 |   1575 |    125 |    419 |    100 |   5 |  340.0 |
       Dungeon |   1339 |   1214 |    125 |    419 |    100 |   4 |  334.8 |
         Sewer |    361 |    361 |      0 |      0 |      0 |   1 |  361.0 |
               +--------+--------+--------+--------+--------+-----+--------+

Top non-repeatable levels by time:
     D:3: 721 daAuts
   Sewer: 361 daAuts
     D:4: 239 daAuts
     D:1: 233 daAuts
     D:2: 144 daAuts
